[Event "Titled Tuesday Blitz July 25 Late 2023"]
[White "Kujawski, Adam"]
[Black "BeautiFullMindChess"]
[WhiteFideId "1100920"]
[WhiteElo "2319"]
[BlackElo "2156"]
[Result "1/2-1/2"]
[Round "10"]
[TimeControl "180+2"]
[Date "2023.07.25"]
[WhiteClock "0:00:09"]
[BlackClock "0:00:20"]
[Board "102"]

1. d4 Nf6 2. Bf4 d5 3. e3 e6 4. Nf3 Bd6 5. Bg3 O-O 6. Bd3 c5 7. c3 Qc7 8. Nbd2 Nbd7 9. Qe2 e5 10. dxe5 Nxe5 11. Nxe5 Bxe5 12. Bxe5 Qxe5 13. Nf3 Qe7 14. h3 b6 15. O-O Bb7 16. Ba6 Bxa6 17. Qxa6 Rfd8 18. Rfd1 Rd6 19. a4 Rb8 20. Qd3 Ne4 21. c4 Rbd8 22. cxd5 Rxd5 23. Qxd5 Rxd5 24. Rxd5 h6 25. Re5 Qb7 26. Rd1 Nf6 27. Nh4 g6 28. f4 Qc6 29. b3 c4 30. bxc4 Qxc4 31. Rd8+ Kg7 32. Nf3 Qxa4 33. Re7 Qa3 34. Rc7 Qxe3+ 35. Kh1 Qxf4 36. Rxa7 Ne4 37. Rc8 Ng3+ 38. Kg1 Qe3+ 39. Kh2 Nf1+ 40. Kh1 Qf2 41. Rcc7 Ng3+ 42. Kh2 Nf1+ 43. Kh1 Ng3+ 44. Kh2 Nf1+ 45. Kh1 1/2-1/2


[Site "https://www.chess.com"]

[Event "Titled Tuesday Blitz July 25 Late 2023"]
[White "Miguelitro69"]
[Black "Tarnowska, Aleksandra"]
[BlackFideId "1180967"]
[WhiteElo "2291"]
[BlackElo "2122"]
[Result "0-1"]
[Round "10"]
[TimeControl "180+2"]
[Date "2023.07.25"]
[WhiteClock "0:00:04"]
[BlackClock "0:00:06"]
[Board "104"]

1. e4 c5 2. Nf3 e6 3. g3 d5 4. exd5 exd5 5. Bg2 Nf6 6. O-O Be7 7. d4 O-O 8. dxc5 Bxc5 9. Bg5 Be6 10. Nc3 d4 11. Nb5 Nc6 12. Re1 Qb6 13. Bxf6 Qxb5 14. Bxd4 Rad8 15. c3 Qxb2 16. Qa4 Nxd4 17. cxd4 Bxd4 18. Nxd4 Qxd4 19. Qxd4 Rxd4 20. Bxb7 Rd2 21. a4 Rb8 22. Red1 Rb2 23. Bc6 h6 24. Be4 Re2 25. Bd3 Reb2 26. Rdc1 g6 27. Rc7 R8b3 28. Be4 Rb4 29. Bc2 Bh3 30. f4 Rd4 31. Rc8+ Kg7 32. Rc1 Rd2 33. Rc7 a5 34. g4 Rg2+ 35. Kh1 Rxg4 36. Rc3 Bg2+ 37. Kg1 Be4+ 38. Kf2 Rg2+ 39. Ke3 Bxc2 40. Rc5 Bf5 41. Rxa5 Rge2+ 42. Kd4 Rbd2+ 43. Kc5 Rc2+ 44. Rxc2 Rxc2+ 45. Kd4 Rxh2 46. Rb5 Rd2+ 47. Kc3 Rf2 48. a5 Rxf4 49. Rc5 Be4 50. Kb3 Rf3+ 51. Kb4 Rf1 52. Kb5 Rb1+ 53. Ka6 h5 54. Ka7 h4 55. Rc4 Bf3 56. Rxh4 Ra1 57. Kb6 Be2 58. Re4 Bf1 59. Rf4 f5 60. a6 Rxa6+ 61. Kb7 Ra1 62. Kc6 Kf6 63. Kd5 g5 64. Rf2 g4 65. Kd4 Re1 66. Kc3 Bb5 67. Kd2 Re4 68. Rg2 Kg5 69. Rg1 f4 70. Rb1 Bc4 71. Rb6 g3 72. Rc6 Kg4 73. Rc5 Kf3 74. Rc8 g2 75. Rg8 Re2+ 76. Kd1 Rf2 77. Ke1 Rf1+ 78. Kd2 g1=Q 79. Rd8 Rd1+ 80. Kc3 Rxd8 81. Kxc4 Qc1+ 0-1


[Site "https://www.chess.com"]

[Event "Titled Tuesday Blitz July 25 Late 2023"]
[White "Georg, Heinz"]
[Black "Gyulamiryan-koryun"]
[WhiteFideId "4607295"]
[WhiteElo "2284"]
[BlackElo "2082"]
[Result "1-0"]
[Round "10"]
[TimeControl "180+2"]
[Date "2023.07.25"]
[WhiteClock "0:01:33"]
[BlackClock "0:00:00"]
[Board "105"]

1. c4 Nf6 2. Nc3 g5 3. d4 h6 4. e4 Bg7 5. Bd3 d6 6. Nf3 Bg4 7. h3 Bh5 8. Be3 Nc6 9. g4 Bg6 10. d5 Nb4 11. Bb1 Qd7 12. a3 Na6 13. b4 b6 14. Bd3 e6 15. Rc1 exd5 16. cxd5 O-O 17. Bxa6 Nxe4 18. Nxe4 Bxe4 19. Bd3 Rfe8 20. Bxe4 Rxe4 21. O-O Be5 22. Nxe5 dxe5 23. Qf3 Qxd5 24. Rfd1 Qb7 25. Rc4 f5 26. gxf5 g4 27. hxg4 1-0


[Site "https://www.chess.com"]

[Event "Titled Tuesday Blitz July 25 Late 2023"]
[White "zano2023"]
[Black "disciplinedbrat"]
[WhiteElo "2036"]
[BlackElo "2274"]
[Result "0-1"]
[Round "10"]
[TimeControl "180+2"]
[Date "2023.07.25"]
[WhiteClock "0:00:39"]
[BlackClock "0:02:02"]
[Board "106"]

1. d4 a6 2. Nd2 b6 3. e4 Bb7 4. Ngf3 g6 5. Bd3 Bg7 6. O-O e6 7. Re1 Ne7 8. Nf1 d6 9. Ng3 Nd7 10. Be3 h6 11. Qd2 f5 12. c4 fxe4 13. Nxe4 Nf6 14. Nxf6+ Bxf6 15. Qe2 Qd7 16. Nd2 O-O-O 17. Be4 Nf5 18. Bxb7+ Kxb7 19. Ne4 Bxd4 20. Bxd4 Nxd4 21. Qd3 e5 22. Nf6 Qf7 23. Ne4 Rhf8 24. f3 g5 25. b4 d5 26. cxd5 Qxd5 27. Qc3 Nb5 28. Qe3 Qd4 29. a4 Qxe3+ 30. Rxe3 Nd4 31. Ra2 g4 32. fxg4 Nc2 33. Rf3 Rxf3 34. gxf3 Nxb4 35. Re2 Nc6 36. Nf6 Rd4 37. h4 Rxa4 38. Ne4 Nd4 39. Rf2 Ra1+ 40. Kg2 a5 41. g5 hxg5 42. hxg5 a4 43. g6 Nf5 44. Ng5 a3 45. Ne6 a2 46. g7 Nxg7 47. Nxg7 Rg1+ 0-1


[Site "https://www.chess.com"]

[Event "Titled Tuesday Blitz July 25 Late 2023"]
[White "Lutz, Igor Oscar"]
[Black "rikchessmx"]
[WhiteFideId "2110806"]
[WhiteElo "1968"]
[BlackElo "2271"]
[Result "0-1"]
[Round "10"]
[TimeControl "180+2"]
[Date "2023.07.25"]
[WhiteClock "0:00:00"]
[BlackClock "0:01:28"]
[Board "107"]

1. d4 Nf6 2. c4 e6 3. g3 c5 4. d5 exd5 5. cxd5 d6 6. Nc3 g6 7. Nf3 Bg7 8. Bg2 O-O 9. O-O Re8 10. Nd2 Nbd7 11. Nc4 Nb6 12. Qb3 Nxc4 13. Qxc4 a6 14. a4 b5 15. Qd3 b4 16. Ne4 Bf5 17. Nxf6+ Qxf6 18. e4 Bd7 19. Bf4 g5 20. Bc1 h6 21. Rb1 Bxa4 22. b3 Bb5 23. Qd2 Bxf1 24. Bxf1 Rxe4 25. Bb2 Qe7 26. Bxg7 Kxg7 27. Bd3 Re5 28. Qb2 Qf6 29. Bc4 a5 30. Qd2 a4 31. bxa4 Rxa4 32. Bb5 Ra3 33. Re1 Rxe1+ 34. Qxe1 Qe5 35. Qd2 Qe4 36. Qb2+ Qd4 37. Qe2 Qxd5 38. Bc4 Ra1+ 0-1


[Site "https://www.chess.com"]

[Event "Titled Tuesday Blitz July 25 Late 2023"]
[White "Masterisback04"]
[Black "Doluhanova, Evgeniya"]
[BlackFideId "14112035"]
[WhiteElo "1883"]
[BlackElo "2267"]
[Result "0-1"]
[Round "10"]
[TimeControl "180+2"]
[Date "2023.07.25"]
[WhiteClock "0:00:00"]
[BlackClock "0:00:18"]
[Board "108"]

1. e4 e5 2. Nf3 Nc6 3. Bb5 g6 4. d4 Bg7 5. Be3 Nxd4 6. Nxd4 exd4 7. Bxd4 Bxd4 8. Qxd4 Nf6 9. Nc3 c6 10. Bc4 Qe7 11. e5 d5 12. Bd3 c5 13. Qf4 Nh5 14. Bb5+ Bd7 15. Bxd7+ Kxd7 16. Qa4+ Kc8 17. O-O-O d4 18. Ne4 Qxe5 19. Rhe1 Nf6 20. Nc3 Qf4+ 21. Kb1 a6 22. Nb5 Kb8 23. Re7 axb5 24. Qxb5 Ra7 25. Qc4 Rc8 26. Qxf7 Qg4 0-1


[Site "https://www.chess.com"]

[Event "Titled Tuesday Blitz July 25 Late 2023"]
[White "Dwilewicz, Katarzyna"]
[Black "Thiel, Thomas"]
[WhiteFideId "1148486"]
[BlackFideId "4615964"]
[WhiteElo "2373"]
[BlackElo "2246"]
[Result "0-1"]
[Round "10"]
[TimeControl "180+2"]
[Date "2023.07.25"]
[WhiteClock "0:00:13"]
[BlackClock "0:01:24"]
[Board "109"]

1. e4 d5 2. exd5 Nf6 3. d4 Nxd5 4. Nf3 g6 5. c4 Nb6 6. Nc3 Bg7 7. Be3 O-O 8. Be2 Bg4 9. b3 Nc6 10. O-O Bxf3 11. Bxf3 Nxd4 12. Bxb7 Rb8 13. Be4 c5 14. Rc1 f5 15. Bd5+ Nxd5 16. cxd5 f4 17. Bxd4 cxd4 18. Ne4 f3 19. gxf3 Qxd5 20. Qd3 Qf5 21. Kg2 Be5 22. Rc5 Qf4 23. Ng3 Bd6 24. Rd5 Be5 25. Re1 Bf6 26. Re4 Qc7 27. h4 Qc6 28. Ra5 Qb6 29. Ra6 Qb5 30. Qxb5 Rxb5 31. Rxa7 Rd5 32. Nf1 d3 33. Nd2 Rc8 34. Rc4 Rxc4 35. b4 Rc2 0-1


[Site "https://www.chess.com"]

[Event "Titled Tuesday Blitz July 25 Late 2023"]
[White "Alahakoon, Isuru"]
[Black "Akhayan, Ruben"]
[WhiteFideId "9900993"]
[BlackFideId "204439"]
[WhiteElo "2322"]
[BlackElo "2250"]
[Result "0-1"]
[Round "10"]
[TimeControl "180+2"]
[Date "2023.07.25"]
[WhiteClock "0:00:45"]
[BlackClock "0:00:49"]
[Board "110"]

1. Nf3 Nf6 2. d4 g6 3. Nc3 d5 4. Bf4 Bg7 5. Nb5 Na6 6. e3 O-O 7. h4 c6 8. Nc3 Bg4 9. Be2 Nc7 10. Ne5 Bxe2 11. Qxe2 Ne6 12. Bh2 Ne4 13. Nxe4 dxe4 14. h5 Nxd4 15. exd4 Qxd4 16. Nc4 b5 17. Nd2 Qxb2 18. O-O Qxc2 19. Rac1 Qxa2 20. hxg6 hxg6 21. Rce1 f5 22. f3 Rad8 23. Nb1 Qxe2 24. Rxe2 exf3 25. Rxf3 Rd1+ 26. Rf1 Rfd8 27. Rxe7 Bd4+ 0-1


[Site "https://www.chess.com"]

[Event "Titled Tuesday Blitz July 25 Late 2023"]
[White "UgarteCesar"]
[Black "Clawitter, Craig"]
[BlackFideId "2023105"]
[WhiteElo "2278"]
[BlackElo "2256"]
[Result "1/2-1/2"]
[Round "10"]
[TimeControl "180+2"]
[Date "2023.07.25"]
[WhiteClock "0:00:22"]
[BlackClock "0:00:14"]
[Board "111"]

1. d4 Nf6 2. Bf4 g6 3. h3 Bg7 4. Nf3 d5 5. e3 O-O 6. Be2 c5 7. c3 Nc6 8. O-O Bf5 9. Nbd2 Ne4 10. g4 Nxd2 11. Qxd2 Be4 12. Ng5 e5 13. Nxe4 dxe4 14. Bg3 exd4 15. cxd4 cxd4 16. exd4 Qxd4 17. Qc2 Rac8 18. Rfd1 Qxb2 19. Qxb2 Bxb2 20. Rab1 Be5 21. Bxe5 Nxe5 22. Rxb7 Rc2 23. Kf1 Rxa2 24. Rd4 Nf3 25. Bxf3 exf3 26. Kg1 Re8 27. Rdd7 Re1+ 28. Kh2 Rxf2+ 29. Kg3 Ref1 30. Rxf7 g5 31. Rg7+ Kf8 32. Rgf7+ Ke8 33. Rfe7+ Kd8 34. Red7+ Kc8 35. Rdc7+ Kd8 36. Rd7+ Ke8 37. Re7+ Kf8 38. Rf7+ Ke8 39. Rfe7+ 1/2-1/2


[Site "https://www.chess.com"]

[Event "Titled Tuesday Blitz July 25 Late 2023"]
[White "Floresvillar Gonzalez, Luis Migu"]
[Black "KSho99"]
[WhiteFideId "5100542"]
[WhiteElo "2109"]
[BlackElo "2216"]
[Result "0-1"]
[Round "10"]
[TimeControl "180+2"]
[Date "2023.07.25"]
[WhiteClock "0:00:00"]
[BlackClock "0:00:11"]
[Board "112"]

1. e4 g6 2. Bc4 Bg7 3. c3 c6 4. d4 d5 5. Bd3 dxe4 6. Bxe4 Nf6 7. Bc2 O-O 8. Nf3 Nbd7 9. O-O c5 10. Be3 b6 11. h3 Bb7 12. Nbd2 cxd4 13. Bxd4 Qc7 14. Re1 e6 15. Ne4 Nxe4 16. Bxg7 Kxg7 17. Bxe4 Bxe4 18. Rxe4 Nc5 19. Rd4 Rad8 20. b4 Nb7 21. Rc1 Nd6 22. c4 Nf5 23. Rd3 Qf4 24. Rc2 Rxd3 25. Qxd3 Rc8 26. c5 Qxb4 27. cxb6 Qb1+ 28. Kh2 Qxc2 29. Qxc2 Rxc2 30. bxa7 Rxa2 31. Ne5 Rxa7 32. Nc6 Ra2 33. g4 Nd6 34. Kg3 Ne4+ 0-1


[Site "https://www.chess.com"]

[Event "Titled Tuesday Blitz July 25 Late 2023"]
[White "Hamidi, Amir Mohammad"]
[Black "Jahnz, Fabian"]
[WhiteFideId "12563285"]
[BlackFideId "4653300"]
[WhiteElo "2724"]
[BlackElo "2157"]
[Result "0-1"]
[Round "10"]
[TimeControl "180+2"]
[Date "2023.07.25"]
[WhiteClock "0:01:10"]
[BlackClock "0:01:29"]
[Board "113"]

1. e4 c6 2. d4 d5 3. e5 Bf5 4. Ne2 h6 5. Ng3 Bg6 6. e6 Qd6 7. exf7+ Kxf7 8. Bd3 Bxd3 9. Qxd3 Nf6 10. c3 Nbd7 11. Nd2 e5 12. O-O e4 13. Qe2 Be7 14. f3 exf3 15. Nxf3 Qe6 16. Ne5+ Ke8 17. Ng6 Qxe2 18. Nxe2 Rg8 19. Nxe7 Kxe7 20. Nf4 g5 21. Re1+ Kf7 22. Nd3 Ne4 23. Nf2 Ndf6 24. g3 Rae8 25. Kg2 Kg6 26. Ng4 Nxg4 27. h3 Ngf6 28. h4 gxh4 29. gxh4 Kh7+ 30. Kh2 Ng4+ 31. Kh3 Nef2+ 32. Kg2 Rxe1 0-1


[Site "https://www.chess.com"]

[Event "Titled Tuesday Blitz July 25 Late 2023"]
[White "Rian, Kapriaga"]
[Black "Celestino, Rafael Teixeira"]
[WhiteFideId "7103263"]
[BlackFideId "2108925"]
[WhiteElo "2323"]
[BlackElo "2250"]
[Result "1-0"]
[Round "10"]
[TimeControl "180+2"]
[Date "2023.07.25"]
[WhiteClock "0:00:05"]
[BlackClock "0:00:23"]
[Board "114"]

1. d4 Nf6 2. Nf3 g6 3. Bg5 Bg7 4. Nbd2 c5 5. e3 d5 6. c3 O-O 7. Be2 Nc6 8. O-O h6 9. Bh4 b6 10. a4 g5 11. Bg3 Ne4 12. Nxe4 dxe4 13. Nd2 Bf5 14. Bb5 Rc8 15. Ba6 cxd4 16. exd4 Qd5 17. Bxc8 Rxc8 18. Qb3 Qd7 19. Qd1 Qd5 20. Qe2 Bg6 21. h4 f5 22. hxg5 hxg5 23. f3 f4 24. fxe4 Qd7 25. Bf2 Rf8 26. d5 Ne5 27. Bd4 g4 28. Qb5 Qd6 29. Nc4 Nxc4 30. Qxc4 Bh6 31. e5 Qd8 32. d6+ Kh7 33. Rad1 exd6 34. exd6 Qh4 35. Bf2 g3 36. Bxg3 Qxg3 37. Rf3 Qg4 38. d7 Rd8 39. Qc7 Bg5 40. Qd6 Be4 41. Rh3+ Kg8 42. Rd2 f3 43. Qd4 fxg2 44. Rh8+ Kf7 45. Rxd8 Bxd8 46. Rf2+ Kg8 47. Qc4+ Kh8 48. Qd4+ Kh7 49. Qd6 Qd1+ 50. Qxd1 Bf3 51. Qd2 Bg5 52. Qd3+ Be4 53. Qxe4+ Kh6 54. Qe3 Bxe3 55. Kxg2 Bxf2 56. Kxf2 Kg5 57. d8=Q+ Kf5 58. Qc7 Ke4 59. Qxa7 b5 60. Qb6 Kd5 61. Qxb5+ Ke6 62. a5 Kd6 63. a6 Kc7 64. a7 Kd8 65. a8=Q+ Kc7 66. Qa7+ Kd8 67. Qbb8# 1-0


[Site "https://www.chess.com"]

[Event "Titled Tuesday Blitz July 25 Late 2023"]
[White "Awoki, Daniel Teidi"]
[Black "De Souza, Cristiano Gomes"]
[WhiteFideId "2100827"]
[BlackFideId "2151758"]
[WhiteElo "2297"]
[BlackElo "2201"]
[Result "1-0"]
[Round "10"]
[TimeControl "180+2"]
[Date "2023.07.25"]
[WhiteClock "0:00:10"]
[BlackClock "0:00:07"]
[Board "115"]

1. e4 c5 2. Nf3 d6 3. Bb5+ Bd7 4. Bxd7+ Nxd7 5. O-O g6 6. Qe2 Bg7 7. Rd1 e5 8. c3 Ne7 9. d4 cxd4 10. cxd4 O-O 11. d5 h6 12. Nc3 f5 13. b3 Nf6 14. Bb2 a6 15. Rac1 Rc8 16. exf5 gxf5 17. Rc2 Qe8 18. Na4 Rxc2 19. Qxc2 Nexd5 20. Ba3 Qe6 21. Nb6 Rd8 22. Qc4 Nf4 23. Rxd6 Rxd6 24. Bxd6 Qxc4 25. Nxc4 Nd3 26. Nfxe5 Nc1 27. Na5 Nxa2 28. Nxb7 Ne4 29. Bc7 Nc1 30. b4 Bxe5 31. Bxe5 Nxf2 32. Kxf2 Nd3+ 33. Ke3 Nxe5 34. Nc5 Kf7 35. Nxa6 Ng4+ 36. Kf4 Nxh2 37. b5 Ke7 38. Kxf5 Kd7 39. Nc5+ Kc7 40. Na4 Nf1 41. Kg6 Ne3 42. g3 Ng4 43. Kh5 Ne5 44. Kxh6 Nf3 45. g4 Kd6 46. g5 Nxg5 47. Kxg5 Kd5 48. Kf5 Kc4 49. b6 Kb5 50. b7 Kxa4 51. b8=Q Ka3 52. Ke4 1-0


[Site "https://www.chess.com"]

[Event "Titled Tuesday Blitz July 25 Late 2023"]
[White "Alexikov, Alexander"]
[Black "Barwinska, Ewa"]
[WhiteFideId "14103958"]
[BlackFideId "21833761"]
[WhiteElo "2200"]
[BlackElo "2281"]
[Result "0-1"]
[Round "10"]
[TimeControl "180+2"]
[Date "2023.07.25"]
[WhiteClock "0:00:00"]
[BlackClock "0:00:27"]
[Board "116"]

1. e4 c5 2. Nf3 d6 3. d4 cxd4 4. Nxd4 Nf6 5. Nc3 a6 6. Be2 e5 7. Nb3 Be6 8. f4 exf4 9. Bxf4 Nc6 10. Qd2 Ne5 11. O-O-O Be7 12. Kb1 b5 13. Qe3 Qc7 14. Nd4 O-O 15. Nf5 Bxf5 16. exf5 b4 17. Nd5 Nxd5 18. Rxd5 Rac8 19. Rd2 Bf6 20. Qb3 a5 21. Rhd1 Rfd8 22. g4 h6 23. Qg3 a4 24. h4 b3 25. cxb3 axb3 26. axb3 Qa5 27. Rxd6 Rxd6 28. Rxd6 Qc5 0-1


[Site "https://www.chess.com"]

[Event "Titled Tuesday Blitz July 25 Late 2023"]
[White "Biliy, Vadim"]
[Black "Tsukerman, Julia"]
[WhiteFideId "14114127"]
[BlackFideId "2621649"]
[WhiteElo "2272"]
[BlackElo "2118"]
[Result "1-0"]
[Round "10"]
[TimeControl "180+2"]
[Date "2023.07.25"]
[WhiteClock "0:02:14"]
[BlackClock "0:01:25"]
[Board "117"]

1. d4 d5 2. Nf3 Nf6 3. e3 e6 4. c4 Be7 5. Nc3 O-O 6. Be2 dxc4 7. Bxc4 a6 8. O-O b5 9. Bd3 Bb7 10. Qe2 Nbd7 11. Rd1 Rc8 12. e4 c5 13. e5 Nd5 14. Ne4 cxd4 15. h4 Nc5 16. Nxc5 Bxc5 17. Bxh7+ Kxh7 18. Ng5+ Kg6 19. h5+ 1-0


[Site "https://www.chess.com"]

[Event "Titled Tuesday Blitz July 25 Late 2023"]
[White "Vargas, Mauricio"]
[Black "Broca Jimenez, Fernando"]
[WhiteFideId "4404572"]
[BlackFideId "5104742"]
[WhiteElo "1890"]
[BlackElo "2253"]
[Result "0-1"]
[Round "10"]
[TimeControl "180+2"]
[Date "2023.07.25"]
[WhiteClock "0:00:00"]
[BlackClock "0:00:38"]
[Board "118"]

1. e4 c5 2. Nc3 Nc6 3. f4 g6 4. Nf3 Bg7 5. Bb5 Nd4 6. Bf1 e6 7. g3 Ne7 8. Bg2 d5 9. exd5 Nxd5 10. Ne4 Kf8 11. Nxc5 Qc7 12. b4 b6 13. Nxd4 bxc5 14. Nb5 Qd7 15. Nc3 cxb4 16. Nxd5 exd5 17. Rb1 Ba6 18. d3 Re8+ 19. Kf1 Bc3 20. Bb2 Kg7 21. Bxc3+ bxc3 22. Kf2 Re7 23. Re1 Rhe8 24. Qf3 d4 25. Rxe7 Qxe7 26. Bh3 f5 27. g4 Qe3+ 28. Qxe3 Rxe3 29. gxf5 Rxh3 30. fxg6 Rxh2+ 0-1


[Site "https://www.chess.com"]

[Event "Titled Tuesday Blitz July 25 Late 2023"]
[White "Burke, Paul"]
[Black "Hartikainen, Jarmo"]
[WhiteFideId "2605767"]
[BlackFideId "503134"]
[WhiteElo "1927"]
[BlackElo "2077"]
[Result "0-1"]
[Round "10"]
[TimeControl "180+2"]
[Date "2023.07.25"]
[WhiteClock "0:00:00"]
[BlackClock "0:00:19"]
[Board "119"]

1. e4 c5 2. Nf3 Nc6 3. d4 cxd4 4. c3 d5 5. exd5 Qxd5 6. cxd4 Bg4 7. Be2 e6 8. Nc3 Qa5 9. O-O Nf6 10. Be3 Be7 11. a3 O-O 12. b4 Qd8 13. h3 Bh5 14. Ne5 Bxe2 15. Nxe2 Rc8 16. Nxc6 Rxc6 17. Rc1 Rxc1 18. Qxc1 Nd5 19. Nc3 Nxc3 20. Qxc3 Qd5 21. Rc1 Bf6 22. Qc7 a6 23. Rc5 Qe4 24. Rc4 h6 25. Qg3 Kh8 26. Qf3 Qxf3 0-1


[Site "https://www.chess.com"]

[Event "Titled Tuesday Blitz July 25 Late 2023"]
[White "Sainz Aguirre, Ignacio"]
[Black "Bhavikatti, Neil"]
[WhiteFideId "5101727"]
[BlackFideId "30935024"]
[WhiteElo "1969"]
[BlackElo "2430"]
[Result "1-0"]
[Round "10"]
[TimeControl "180+2"]
[Date "2023.07.25"]
[WhiteClock "0:00:15"]
[BlackClock "0:00:27"]
[Board "120"]

1. e4 e5 2. Nf3 Nc6 3. Bc4 Bc5 4. O-O Nf6 5. d3 O-O 6. h3 d5 7. exd5 Nxd5 8. Re1 Nb6 9. Bb3 Be6 10. Bxe6 fxe6 11. Nbd2 Nd4 12. Rxe5 Nd7 13. Re4 Nf6 14. Re1 Nd5 15. c3 Nxf3+ 16. Nxf3 Qf6 17. d4 Bd6 18. c4 Nf4 19. Bxf4 Bxf4 20. Qd3 Bd6 21. c5 Bf4 22. Qe4 Rae8 23. Rad1 c6 24. b4 Qf5 25. Qxf5 exf5 26. Kf1 Kf7 27. Rxe8 Rxe8 28. Re1 Rxe1+ 29. Kxe1 Ke6 30. Ke2 Kd5 31. Kd3 Bc7 32. g3 g6 33. Ng5 h6 34. Nf3 g5 35. Ne1 a5 36. a3 axb4 37. axb4 f4 38. g4 b6 39. Nf3 bxc5 40. bxc5 Ba5 41. h4 gxh4 42. Nxh4 Be1 43. Ng2 Ke6 44. Nxe1 Kf6 45. Ng2 Kg5 46. Ke4 Kxg4 47. Nxf4 h5 48. f3+ Kg5 49. d5 1-0


[Site "https://www.chess.com"]

[Event "Titled Tuesday Blitz July 25 Late 2023"]
[White "Navyblue1"]
[Black "Sailer, Mike"]
[BlackFideId "2012901"]
[WhiteElo "1949"]
[BlackElo "2156"]
[Result "0-1"]
[Round "10"]
[TimeControl "180+2"]
[Date "2023.07.25"]
[WhiteClock "0:00:11"]
[BlackClock "0:00:05"]
[Board "122"]

1. d4 d5 2. c4 c6 3. cxd5 cxd5 4. Nc3 Nf6 5. Bf4 Nc6 6. e3 g6 7. Bd3 Bg7 8. Nge2 O-O 9. O-O b6 10. Rc1 Bb7 11. a3 Rc8 12. b4 a6 13. h3 Re8 14. b5 axb5 15. Bxb5 Nh5 16. Bh2 e5 17. dxe5 Bxe5 18. Bxe5 Rxe5 19. Nd4 Nxd4 20. Qxd4 Qe7 21. Qxb6 Re6 22. Qd4 Qxa3 23. Nxd5 Rxc1 24. Rxc1 Qxc1+ 25. Kh2 Bxd5 26. Qxd5 Qc7+ 27. g3 Nf6 28. Qa8+ Kg7 29. Bd3 Rd6 30. Qa3 Qd7 31. Be2 Rd2 32. Qa6 Qf5 33. Kg2 Qc2 34. Kf1 Qc1+ 35. Kg2 Qe1 36. Kf3 Qh1+ 37. Kf4 Qxh3 38. Bf3 Qf5# 0-1


[Site "https://www.chess.com"]

[Event "Titled Tuesday Blitz July 25 Late 2023"]
[White "OPQRC"]
[Black "dorpato"]
[WhiteElo "2595"]
[BlackElo "2027"]
[Result "1-0"]
[Round "10"]
[TimeControl "180+2"]
[Date "2023.07.25"]
[WhiteClock "0:02:07"]
[BlackClock "0:00:08"]
[Board "123"]

1. e4 c5 2. Nc3 d6 3. g3 Nf6 4. Bg2 Nc6 5. Nge2 e6 6. O-O Be7 7. f4 O-O 8. d3 d5 9. e5 Ne8 10. g4 f6 11. exf6 Nxf6 12. Ng3 b6 13. Kh1 Bb7 14. f5 e5 15. g5 Ne8 16. Nxd5 Bxg5 17. Qg4 Bxc1 18. Raxc1 Nf6 19. Nxf6+ Qxf6 20. Ne4 Qh6 21. f6 Rad8 22. Qe6+ Kh8 23. Nd6 Qg6 24. Nxb7 Rc8 25. Nd6 Rc7 26. fxg7+ Qxg7 27. Rxf8+ Qxf8 28. Rf1 Qg7 29. Qe8+ Qg8 30. Rf8 1-0


[Site "https://www.chess.com"]

[Event "Titled Tuesday Blitz July 25 Late 2023"]
[White "Nakamura, Hikaru"]
[Black "Vachier-Lagrave, Maxime"]
[WhiteFideId "2016192"]
[BlackFideId "623539"]
[WhiteElo "3265"]
[BlackElo "3191"]
[Result "1-0"]
[Round "11"]
[TimeControl "180+2"]
[Date "2023.07.25"]
[WhiteClock "0:00:21"]
[BlackClock "0:00:02"]
[Board "1"]

1. a3 g6 2. e4 Bg7 3. d4 d6 4. Nf3 Nf6 5. Nbd2 O-O 6. Bd3 Nc6 7. d5 Nb8 8. O-O Nbd7 9. Re1 Nc5 10. Bf1 a5 11. Rb1 c6 12. dxc6 bxc6 13. b3 e5 14. a4 Qc7 15. Ba3 Rd8 16. Bxc5 dxc5 17. Qe2 Nd7 18. Qe3 Nf8 19. Qxc5 Ne6 20. Qc3 c5 21. Bc4 Nf4 22. g3 Bb7 23. Ng5 Rd7 24. gxf4 exf4 25. e5 h6 26. Nge4 Rd4 27. Nxc5 Rad8 28. Nxb7 Qxb7 29. Nf3 Rd3 30. Bxd3 Qxf3 31. Qc4 h5 32. Qe4 1-0


[Site "https://www.chess.com"]

[Event "Titled Tuesday Blitz July 25 Late 2023"]
[White "Dardha, Daniel"]
[Black "Nihal Sarin"]
[WhiteFideId "240990"]
[BlackFideId "25092340"]
[WhiteElo "2915"]
[BlackElo "3081"]
[Result "1-0"]
[Round "11"]
[TimeControl "180+2"]
[Date "2023.07.25"]
[WhiteClock "0:00:36"]
[BlackClock "0:02:56"]
[Board "2"]

1. d4 d5 2. c4 e6 3. Nf3 Nf6 4. Nc3 Bb4 5. Qa4+ Nc6 6. a3 Bxc3+ 7. bxc3 O-O 8. e3 Ne4 9. Bd3 Bd7 10. Qc2 Na5 11. cxd5 exd5 12. c4 c6 13. O-O Re8 14. a4 Nxc4 15. Bxc4 dxc4 16. Qxc4 Be6 17. Qc2 Bd5 18. Rb1 b6 19. Ne5 f6 20. Nd3 c5 21. dxc5 Rc8 22. Ba3 Qd7 23. Nf4 Ba8 24. Qb3+ Kh8 25. cxb6 Nd2 26. Rbd1 Qb7 27. Rxd2 g5 28. Nd5 Rcd8 29. Rfd1 Re5 30. Bb2 Rdxd5 31. Bxe5 Rd6 32. f3 Rxb6 33. Rd8+ Kg7 34. R8d7+ 1-0


[Site "https://www.chess.com"]

[Event "Titled Tuesday Blitz July 25 Late 2023"]
[White "Paravyan, David"]
[Black "Fedoseev, Vladimir"]
[WhiteFideId "4194985"]
[BlackFideId "24130737"]
[WhiteElo "3013"]
[BlackElo "3075"]
[Result "0-1"]
[Round "11"]
[TimeControl "180+2"]
[Date "2023.07.25"]
[WhiteClock "0:00:50"]
[BlackClock "0:00:57"]
[Board "3"]

1. e4 g6 2. d4 Bg7 3. Nf3 d6 4. Bd3 Nc6 5. O-O Bxd4 6. Nxd4 Nxd4 7. Re1 e5 8. h3 Qe7 9. Nc3 c6 10. Be3 Ne6 11. Qd2 Nf6 12. Bh6 Bd7 13. a4 Rg8 14. Be3 g5 15. f3 h5 16. a5 g4 17. fxg4 hxg4 18. h4 Nh5 19. Bc4 Nef4 20. Rad1 Rg6 21. Ne2 Qxh4 22. Bxf4 exf4 23. Nxf4 Nxf4 24. Qxf4 Rf6 25. Qh2 Qf2+ 26. Kh1 O-O-O 27. Rf1 Qxc2 28. Rxf6 Qxd1+ 29. Rf1 Qd4 30. Bxf7 Rh8 31. Bh5 Qe5 0-1


[Site "https://www.chess.com"]

[Event "Titled Tuesday Blitz July 25 Late 2023"]
[White "Bluebaum, Matthias"]
[Black "Martinez Alcantara, Jose Eduardo"]
[WhiteFideId "24651516"]
[BlackFideId "3805662"]
[WhiteElo "3050"]
[BlackElo "3012"]
[Result "0-1"]
[Round "11"]
[TimeControl "180+2"]
[Date "2023.07.25"]
[WhiteClock "0:00:01"]
[BlackClock "0:00:18"]
[Board "4"]

1. d4 Nf6 2. c4 e6 3. Nc3 Bb4 4. e3 O-O 5. Bd2 d5 6. Nf3 a6 7. Rc1 Be7 8. Qc2 Nbd7 9. cxd5 exd5 10. Bd3 c6 11. O-O Bd6 12. h3 Re8 13. Rfe1 Nf8 14. Re2 Ng6 15. a3 Be6 16. b4 Qd7 17. Ng5 Rad8 18. Na4 Qe7 19. Nxe6 Qxe6 20. Nc5 Qe7 21. a4 Ne4 22. Be1 Nh4 23. f4 Bxc5 24. bxc5 Nf5 25. Rb1 Rd7 26. Qc1 h5 27. Rb3 g6 28. Qb1 Neg3 29. Bxg3 Nxg3 30. Re1 Kg7 31. Qc2 Qf6 32. Qf2 h4 33. Bc2 Rde7 34. Rc3 Qxd4 35. exd4 Rxe1+ 36. Qxe1 Rxe1+ 37. Kf2 Re4 38. Rb3 Re2+ 39. Kf3 Rxc2 40. Rxb7 Nf5 41. Rc7 Ra2 42. Ra7 Rxa4 43. Kg4 Ra3 44. Rxf7+ Kxf7 45. g3 Rxg3# 0-1


[Site "https://www.chess.com"]